 Dungeon Crawl Stone Soup version 0.28-a0-1080-g05a166d0ed (webtiles) character file.

Game seed: 13467038365562040628

2181 yoda5477 the Cleaver (level 9, -11/63 HPs)
             Began as a Demonspawn Fighter on Dec 9, 2021.
             Mangled by a two-headed ogre (20 damage)
             ... on level 7 of the Dungeon.
             The game lasted 00:25:36 (7610 turns).

yoda5477 the Cleaver (Demonspawn Fighter)           Turns: 7610, Time: 00:25:38

Health: -11/63     AC: 15    Str: 20    XL:     9   Next: 11%
Magic:  9/9        EV:  7    Int:  9    God:
Gold:   435        SH:  5    Dex: 14    Spells: 8/8 levels left

rFire   . . .      SeeInvis .   a - +0 war axe
rCold   . . .      Faith    .   c - +0 buckler
rNeg    . . .      Spirit   .   j - +3 chain mail
rPois   .          Reflect  .   (helmet restricted)
rElec   .          Harm     .   n - +2 cloak
rCorr   .          Rampage  .   (no gloves)
Will    .....                   (no boots)
Stlth   ..........              p - amulet of regeneration
HPRegen 1.00/turn               (no ring)
MPRegen 0.11/turn               (no ring)

@: no status effects
A: antennae 2, hooves 2, demonic guardian 1, weakness stinger 1
a: no special abilities


You were on level 7 of the Dungeon.
You visited 2 branches of the dungeon, and saw 9 of its levels.

You collected 435 gold pieces.

Inventory:

Hand Weapons
 a - a +0 war axe (weapon)
 t - a +1 short sword of protection
 u - a +1 spectral quarterstaff
 A - a +2 short sword of distortion
 F - a +1 vorpal hand axe
Missiles
 e - 26 arrows
 f - 180 stones
 k - 49 bolts
 m - 9 poisoned darts (quivered)
 v - 7 boomerangs
 H - 19 sling bullets
Armour
 c - a +0 buckler (worn)
 j - a +3 chain mail (worn)
 l - a +1 leather armour of poison resistance
 n - a +2 cloak (worn)
 E - a +0 plate armour
Jewellery
 g - an amulet of the acrobat
 p - an amulet of regeneration (around neck)
 B - an amulet of guardian spirit
Wands
 h - a wand of flame (12)
 x - a wand of mindburst (12)
 y - a wand of acid (6)
 J - a wand of iceblast (5)
Scrolls
 b - a scroll of amnesia
 i - 6 scrolls of identify
 C - a scroll of teleportation {unknown}
 D - a scroll of torment {unknown}
 G - a scroll of acquirement {unknown}
 I - a scroll of noise {unknown}
Potions
 d - a potion of might
 o - a potion of ambrosia {unknown}
 q - a potion of flight {unknown}
 r - a potion of heal wounds {unknown}
 s - a potion of resistance {unknown}
 w - 4 potions of curing
 z - 2 potions of haste {unknown}


   Skills:
 - Level 3.0 Fighting
 * Level 10.8 Axes
 - Level 2.6 Armour
 + Level 4.0 Shields


You had 8 spell levels left.
You didn't know any spells.
Your spell library contained the following spells:

 Spells                   Type           Power      Damage    Failure   Level
 Blink                    Tloc           0%         N/A       100%        2
 Passwall                 Tmut/Erth      0%         N/A       100%        2
 Scorch                   Fire           0%         2d5       100%        2
 Lesser Beckoning         Tloc           0%         N/A       100%        3
 Swiftness                Air            0%         N/A       100%        3
 Flame Wave               Conj/Fire      0%         2d4       100%        4
 Manifold Assault         Tloc           0%         N/A       100%        5
 Summon Cactus Giant      Summ           0%         N/A       100%        6


Dungeon Overview and Level Annotations

Branches:
Dungeon (8/15)             Temple (1/1) D:7
   Lair: D:8-11

Altars:
Ashenzari
Cheibriados
Dithmenos
Elyvilon
Fedhas
Gozag
Kikubaaqudgha
Makhleb
Nemelex Xobeh
Qazlal
Ru
Trog
Uskayaw
Vehumet
Xom
Yredelemnul
Zin

Shops:
D:1 =   D:5 (   D:7 *

Annotations:
D:7 exclusion: two-headed ogre


Innate Abilities, Weirdness & Mutations

You have a pair of antennae on your head.
You have hoof-like feet.
A weak demonic guardian rushes to your aid.
You have a small tail.


Message History

A demonic guardian appears!
The two-headed ogre hits you but does no damage.
You hit the two-headed ogre.
The two-headed ogre is lightly wounded.
Your quasit barely misses the two-headed ogre.
Your quasit claws the two-headed ogre but does no damage.
Your quasit claws the two-headed ogre.
Your chain mail prevents you from hitting the two-headed ogre.
The two-headed ogre is lightly wounded.
The two-headed ogre barely misses you. x2
Your quasit bites the two-headed ogre but does no damage.
Your quasit claws the two-headed ogre. x2
You hit the two-headed ogre. You kick the two-headed ogre.
The two-headed ogre is heavily wounded.
Your quasit bites the two-headed ogre but does no damage.
Your quasit closely misses the two-headed ogre.
Your quasit claws the two-headed ogre but does no damage.
The two-headed ogre hits you with a +0 giant spiked club.
You block the two-headed ogre's attack.
You hit the two-headed ogre. Your kick misses the two-headed ogre.
The two-headed ogre is heavily wounded.
Your quasit bites the two-headed ogre but does no damage.
Your quasit claws the two-headed ogre. x2
The two-headed ogre hits you with a +0 giant spiked club.
The two-headed ogre hits you with a +0 giant club!!
Your quasit bites the two-headed ogre.
Your quasit claws the two-headed ogre but does no damage.
Your quasit claws the two-headed ogre.
You hit the two-headed ogre. Your kick misses the two-headed ogre.
The two-headed ogre is heavily wounded.
Your quasit completely misses the two-headed ogre.
Your quasit barely misses the two-headed ogre.
Your quasit claws the two-headed ogre but does no damage.
You hit the two-headed ogre but do no damage.
You kick the two-headed ogre. You tail-slap the two-headed ogre!
The two-headed ogre is almost dead.
The two-headed ogre hits you with a +0 giant spiked club!!
* * * LOW HITPOINT WARNING * * *
The two-headed ogre hits you with a +0 giant club!!
You die...

................# #.# #.......
..............8.# #.# #.......
..............#.# #.####.###...
.○............#.# #.#....####..
.......^...°..#.# #.........[..
...........○..#.#####.#.########.
.......○..○.○○#.........# ##
..............########'##
######## #5@# ##∩##
.....#.#########O# ###########
.#.#...........#.# #......<..#
.........†.###.#.# #..######)#
.#.#.#####.# #.#.# #.## #)#
.....# #.# #.#.# #.# #.# ##.###
#.# #.#.# ##>#######.###
##.#######.###.#.###............[
##............[.......###########


You could see a two-headed ogre (ally target) and a friendly quasit (summoned).

Vanquished Creatures
  Prince Ribbit (D:5)
  Eustachio (D:4)
  A water moccasin (D:7)
  A black bear (D:6)
  3 ice beasts
  2 ogres
  A sky beast (D:5)
  2 scorpions (D:6)
  A wyvern skeleton (D:6)
  5 howler monkeys
  A centaur zombie (D:6)
  2 hounds
  4 orc priests
  3 iguanas
  Jessica (D:2)
  5 orc wizards
  A hound zombie (D:5)
  A hound skeleton (D:5)
  A howler monkey zombie (D:7)
  7 gnolls
  4 adders
  2 shadow imps
  An ufetubus (D:6)
  3 worms
  2 dart slugs (D:2)
  21 orcs
  13 ball pythons
  8 endoplasms
  3 giant cockroaches
  10 goblins
  9 hobgoblins
  4 jackals (D:1)
  5 kobolds
  4 quokkas
  4 bats
  3 frilled lizards
  10 rats
150 creatures vanquished.

Vanquished Creatures (collateral kills)
  An adder (D:2)
  A gnoll (D:6)
2 creatures vanquished.

Grand Total: 152 creatures vanquished

Notes
Turn   | Place    | Note
-------+----------+-------------------------------------------
     0 | D:1      | yoda5477 the Demonspawn Fighter began the quest for the
                  | Orb.
     0 | D:1      | Reached XP level 1. HP: 18/18 MP: 1/1
    57 | D:1      | Reached skill level 2 in Axes
    72 | D:1      | Found a faded altar of an unknown god.
    80 | D:1      | Discovered your monstrous ancestry.
    80 | D:1      | Gained mutation: You have a pair of small antennae on your
                  | head. [demonic ancestry]
    80 | D:1      | Reached XP level 2. HP: 17/24 MP: 2/2
   293 | D:1      | Found Pomnuiti's Jewellery Boutique.
   650 | D:1      | Gained mutation: You have large cloven feet. [demonic
                  | ancestry]
   650 | D:1      | Reached XP level 3. HP: 23/29 MP: 3/3
  1039 | D:1      | Reached skill level 3 in Axes
  1260 | D:2      | Noticed Jessica
  1269 | D:2      | Killed Jessica
  1273 | D:2      | Gained mutation: A weak demonic guardian rushes to your
                  | aid. [demonic ancestry]
  1273 | D:2      | Reached XP level 4. HP: 28/35 MP: 4/4
  1852 | D:2      | Reached skill level 4 in Axes
  2334 | D:3      | You fall into a shaft and drop 1 floor!
  2489 | D:3      | Reached XP level 5. HP: 41/41 MP: 5/5
  2947 | D:5      | Entered Level 5 of the Dungeon
  2947 | D:5      | Noticed Prince Ribbit
  2947 | D:5      | Found Ytekhama's Antique Weapon Boutique.
  3009 | D:4      | Reached skill level 5 in Axes
  3103 | D:4      | Noticed an ogre
  3303 | D:6      | Gained mutation: You have hoof-like feet. [demonic
                  | ancestry]
  3303 | D:6      | Reached XP level 6. HP: 47/47 MP: 6/6
  3346 | D:6      | Noticed an ice beast
  3641 | D:4      | Noticed Eustachio
  3810 | D:4      | Killed Eustachio
  3811 | D:4      | Reached skill level 6 in Axes
  4134 | D:5      | Noticed an ice beast
  4272 | D:5      | Killed an ice beast
  4273 | D:5      | Gained mutation: You have a small tail. [demonic ancestry]
  4273 | D:5      | Reached XP level 7. HP: 44/52 MP: 7/7
  4307 | D:5      | Reached skill level 7 in Axes
  4628 | D:5      | Reached skill level 8 in Axes
  4674 | D:5      | Killed Prince Ribbit
  4675 | D:5      | Reached XP level 8. HP: 50/58 MP: 8/8
  5135 | D:6      | Reached skill level 9 in Axes
  5920 | D:6      | Found a radiant altar of Vehumet.
  6286 | D:6      | Reached skill level 10 in Axes
  6728 | D:7      | Found Lieqaod's General Store.
  6730 | D:7      | Noticed a two-headed ogre
  6787 | D:7      | Found a blossoming altar of Fedhas.
  6854 | D:7      | Identified the +0 pair of boots of the Dungeon {rN+ Str-2
                  | Int+2 Stlth+}
  6897 | D:7      | Found a staircase to the Ecumenical Temple.
  6906 | Temple   | Entered the Ecumenical Temple
  7279 | D:7      | Gained mutation: You have a pair of antennae on your head.
                  | [demonic ancestry]
  7279 | D:7      | Reached XP level 9. HP: 60/63 MP: 9/9
  7380 | D:7      | Found a basalt altar of Yredelemnul.
  7610 | D:7      | Mangled by a two-headed ogre

Illustrated notes

Levels and vault maps discovered:
D:1:      dpeg_arrival_three_same_balls, layout_basic,
          ebering_ecumenical_altar_sacrificial, serial_shops,
          nicolae_shop_advertising_works [nicolae_subvault_shop_adworks],
          interstate_on_off
D:2:      layout_basic, minmay_misc_feat_square, grunt_ministairs_4,
          chequers_serial_rivers_small_b, uniq_jessica
D:3:      layout_basic
D:4:      layout_loops_corners, chequers_serial_rivers_micro_d, uniq_eustachio
D:5:      layout_layer_cave, serial_shops, shop, dk_noncrumbling_3,
          nicolae_concentric_dashed_squares_mild, uniq_prince_ribbit1
D:6:      layout_loops_ring, amcnicky_altar_gilded, grunt_ministairs_10
D:7:      layout_loops_ring, kennysheep_ying_yang, mainiacjoe_overflow_brackets,
          lemuel_temple_firewalk_b, serial_shops, nicolae_shop_window_shopping,
          kennysheep_generic_room_2
D:8:      gammafunk_boulding_lane, layout_basic,
          mainiacjoe_overflow_concentric_impassable,
          nicolae_overflow_hidden_temple, nicolae_figureground_sparkle,
          uniq_maggie, uniq_gastronok
Temple:   nicolae_temple_figure_eight

Skill      XL: |  1  2  3  4  5  6  7  8 |
---------------+-------------------------+-----
Axes           | 2 3 4 5 6 8 10 | 10.8
Shields        | 3 4 |  4.0
Fighting       | |  3.0
Armour         | |  2.6

Action                   |  1- 3 |  4- 6 |  7- 9 || total
-------------------------+-------+-------+-------++-------
Melee: War axe           |   104 |   166 |   213 ||   483
       Kick              |     6 |    38 |    59 ||   103
       Tailslap          |       |       |    24 ||    24
Throw: Stone             |       |     4 |    16 ||    20
       Dart              |       |     9 |    15 ||    24
  Use: Scroll            |       |     8 |       ||     8
Armor: Scale mail        |    42 |    31 |       ||    73
       Chain mail        |       |    52 |   120 ||   172
Dodge: Dodged            |    55 |    67 |    68 ||   190
Block: Buckler           |    24 |    44 |    33 ||   101

Table legend: (Time is in decaauts)
 A = Elapsed time spent in this place.
 B = Non-inter-level travel time spent in this place.
 C = Inter-level travel time spent in this place.
 D = Time resting spent in this place.
 E = Time spent auto-exploring this place.
 F = Levels seen in this place.
 G = Mean time per level.
                   A        B        C        D        E       F      G
               +--------+--------+--------+--------+--------+-----+--------+
         Total |   7740 |   7469 |    271 |    583 |   4324 |   9 |  860.0 |
       Dungeon |   7507 |   7260 |    247 |    583 |   4117 |   8 |  938.4 |
        Temple |    232 |    208 |     24 |      0 |    207 |   1 |  232.0 |
               +--------+--------+--------+--------+--------+-----+--------+

Top non-repeatable levels by time:
     D:5: 1434 daAuts
     D:1: 1253 daAuts
     D:4: 1232 daAuts
     D:2: 1075 daAuts
     D:6: 1069 daAuts
     D:7: 865 daAuts
     D:3: 570 daAuts
  Temple: 232 daAuts
     D:8: 6 daAuts
